 Dungeon Crawl Stone Soup version 0.22.1-5-g62c59d919a (webtiles) character file.

56 DiMakss the Ruffian (level 3, -3/28 HPs)
             Began as a Draconian Transmuter on Jan 15, 2019.
             Slain by a gnoll
             ... wielding a +0 club
              (6 damage)
             ... on level 2 of the Dungeon.
             The game lasted 00:04:34 (1261 turns).

DiMakss the Ruffian (Draconian Transmuter)          Turns: 1261, Time: 00:04:35

Health: -3/28      AC:  5    Str: 13    XL:     3   Next: 69%
Magic:  4/7        EV: 12    Int: 13    God:
Gold:   118        SH:  0    Dex: 11    Spells: 4/7 levels left

rFire    . . .     SeeInvis .   f - +0 hand axe
rCold    . . .     Gourm    .   (no shield)
rNeg     . . .     Faith    .   (armour unavailable)
rPois    .         Spirit   .   (helmet restricted)
rElec    .         Reflect  .   (no cloak)
rCorr    .         Harm     .   (no gloves)
MR       .....                  (no boots)
Stlth    +.........             (no amulet)
HPRegen  0.09/turn              (no ring)
MPRegen  0.10/turn              (no ring)

@: no status effects
A: unfitting armour, cold-blooded, AC +5
a: no special abilities


You were on level 2 of the Dungeon.
You were not hungry.

You visited 1 branch of the dungeon, and saw 2 of its levels.

You collected 118 gold pieces.

Inventory:

Hand Weapons
 f - a +0 hand axe (weapon)
Missiles
 g - 7 arrows
Scrolls
 a - 2 scrolls of remove curse {unknown}
 b - a scroll of identify {unknown}
Potions
 d - a potion of brilliance {unknown}
 e - a potion of might {unknown}
 h - a potion of flight {unknown}
Comestibles
 c - a ration


   Skills:
 + Level 1.4 Fighting
 + Level 1.3 Axes
 + Level 2.1 Dodging
 + Level 0.4 Stealth
 - Level 3.0 Unarmed Combat
 + Level 2.6 Spellcasting
 + Level 2.4 Transmutations


You had 4 spell levels left.
You knew the following spells:

 Your Spells              Type           Power        Failure   Level  Hunger
a - Beastly Appendage     Tmut           #.....       9%          1    #......
b - Sticks to Snakes      Tmut           #.......     13%         2    ###....

Your spell library contained the following spells:

 Spells                   Type           Power        Failure   Level  Hunger
 Spider Form              Tmut/Pois      #.........   41%         3    ###....
 Ice Form                 Ice/Tmut       #.......     82%         4    #####..
 Blade Hands              Tmut           #.........   94%         5    ######.


Dungeon Overview and Level Annotations

Branches:
Dungeon (2/15)

Altars:


Innate Abilities, Weirdness & Mutations

Your plain brown scales are hard. (AC +5)
You cannot fit into any form of body armour.
You are cold-blooded and may be slowed by cold attacks.


Message History

Your adder closely misses the frilled lizard.
The hobgoblin closely misses your adder.
Your adder barely misses the gnoll.
Your adder barely misses the gnoll.
The hobgoblin hits your adder.
You hit the gnoll.
The gnoll is almost dead.
The gnoll barely misses you.
You barely miss the gnoll.
The gnoll is almost dead.
The gnoll barely misses you.
You hit the gnoll.
You kill the gnoll!
You barely miss the frilled lizard.
The frilled lizard is heavily wounded.
The frilled lizard barely misses you.
You hit the frilled lizard.
You kill the frilled lizard!
You barely miss the gnoll.
Your tail-slap misses the gnoll.
The gnoll hits you with a club.
You die...

................##.....##
...#...[......##########
######........#
######...######
........######
#####..##..>.# #..#..#..#
##....##.######
##....###.##gg@#
.....#..###.##.###
.....#..##..##.#
≈..........##l.#
≈..........##g##
≈.........###.# ##......#
#S#### .##......###g...#
...............#


You could see a gnoll and a hobgoblin.

Vanquished Creatures
  2 gnolls (D:2)
  A leopard gecko (D:1)
  3 bats (D:1)
  A giant cockroach (D:1)
  5 goblins (D:1)
  4 hobgoblins (D:1)
  3 jackals (D:1)
  8 frilled lizards
  3 kobolds (D:1)
  5 rats
35 creatures vanquished.

Vanquished Creatures (collateral kills)
  3 frilled lizards (D:2)
3 creatures vanquished.

Grand Total: 38 creatures vanquished

Notes
Turn   | Place    | Note
-------+----------+-------------------------------------------
     0 | D:1      | DiMakss the Draconian Transmuter began the quest for the
                  | Orb.
     0 | D:1      | Reached XP level 1. HP: 16/16 MP: 3/3
   142 | D:1      | Reached XP level 2. HP: 21/23 MP: 5/5
   943 | D:1      | Reached skill level 1 in Axes
   949 | D:1      | Reached XP level 3. HP: 26/28 MP: 6/6
  1122 | D:2      | Learned a level 2 spell: Sticks to Snakes
  1247 | D:2      | HP: 1/28 [gnoll/whip (8)]
  1261 | D:2      | Slain by a gnoll

Skill      XL: |  1  2  3 |
---------------+----------+-----
Axes           | 1 |  1.3
Dodging        | 2 |  2.1
Fighting       | |  1.4
Stealth        | |  0.4
Unarmed Combat | |  3.0
Spellcasting   | |  2.6
Transmutations | |  2.4

Action                   || total
-------------------------++-------
Melee: Unarmed           ||    16
       Club              ||     8
       Tailslap          ||     8
       Hand axe          ||   100
       Kick              ||     5
       Headbutt          ||     2
       Punch             ||     1
 Cast: Beastly Appendage ||     6
       Sticks to Snakes  ||     3
 Stab: Sleeping          ||     1
  Eat: Ration            ||     1
Armor: Skin              ||    46
Dodge: Dodged            ||   104
